 Dungeon Sprint DCSS version 0.26-a0-660-gc07710193c (webtiles) character file.

Game seed: 9781981938981498109

10370 sahdkjhfkaj the Whirler (level 11, 0/82 HPs)
             Began as a Halfling Hunter on Oct 8, 2020.
             Was a High Priest of Ashenzari.
             Slain by a vampire knight
             ... wielding a +3 scimitar of flaming
              (1 damage)
             ... in the Dungeon (Sprint V: "Ziggurat Sprint").
             The game lasted 00:05:42 (1498 turns).

sahdkjhfkaj the Whirler (Halfling Hunter)           Turns: 1498, Time: 00:05:42

Health: 0/82       AC: 31    Str: 26    XL:     11   Next: 91%
Magic:  11/11      EV: 12    Int: 15    God:    Ashenzari [*****.]
Gold:   0          SH: 39    Dex: 16    Spells: 10/10 levels left

rFire    . . .     SeeInvis +   c - +5 hunting sling (vorpal) (curse)
rCold    + . .     Faith    .   I - +18 shield of the Gong {rElec rN+ MR+ EV-5} (curse)
rNeg     + . .     Spirit   .   H - +15 Maxwell's patent armour {-Cast -Tele rElec MR+ rCorr} (curse)
rPois    .         Reflect  +   F - +1 hat (curse)
rElec    +         Harm     .   (no cloak)
rCorr    +         Rampage  .   (no gloves)
MR       ++...     Clarity  +   (no boots) Stlth ..........NoTele +
                                b - amulet of reflection
HPRegen  0.23/turn NoCast   +   E - +6 ring of strength
MPRegen  0.12/turn              M - ring "Vefunel" {+Fly rC+ Str+4 Int+6 SInv}

@: mighty
A: small, mutation resistance 1
a: Curse Item, Scrying, Transfer Knowledge, Renounce Religion, Evoke Flight


You were in the Dungeon.
You worshipped Ashenzari.
Ashenzari was extremely pleased with you.
You visited 1 branch

Inventory:

Hand Weapons
 c - a cursed +5 vorpal hunting sling (weapon)
Missiles
 d - 912 sling bullets (quivered)
Armour
 F - a cursed +1 hat (worn)
 H - the cursed +15 Maxwell's patent armour (worn) {-Cast -Tele rElec MR+ rCorr}
   (You found it in the Dungeon)

   It insulates you from electricity.
   It affects your resistance to hostile enchantments.
   It prevents spellcasting.
   It prevents most forms of teleportation.
   It provides partial protection from all sources of acid and corrosion.
   It has a curse placed upon it.
 I - the cursed +18 shield of the Gong (worn) {rElec rN+ MR+ EV-5}
   (You found it in the Dungeon)

   It affects your evasion (-5).
   It insulates you from electricity.
   It protects you from negative energy.
   It affects your resistance to hostile enchantments.
   It has a curse placed upon it.
Jewellery
 b - an amulet of reflection (around neck)
 n - an uncursed amulet of magic regeneration
 z - an uncursed ring of flight
 A - a +6 ring of dexterity
 B - a +6 ring of dexterity
 C - a +6 ring of intelligence
 D - a +6 ring of intelligence
 E - a +6 ring of strength (left hand)
 L - an uncursed ring of protection from magic
 M - the ring "Vefunel" (right hand) {+Fly rC+ Str+4 Int+6 SInv}
   (You found it in the Dungeon)

   [ring of protection from cold]

   It affects your strength (+4).
   It affects your intelligence (+6).
   It protects you from cold.
   It lets you see invisible.
   It lets you fly.
Wands
 w - a wand of disintegration (7)
 x - a wand of iceblast (7)
 y - a wand of acid (7)
Scrolls
 j - 4 scrolls of blinking
 q - 4 scrolls of amnesia
 r - 7 scrolls of fog
 s - a scroll of holy word
 t - 5 scrolls of identify
 u - a scroll of remove curse
 v - 2 scrolls of fear
 K - a scroll of brand weapon
Potions
 e - 10 potions of curing
 f - 5 potions of heal wounds
 g - 5 potions of haste
 h - 7 potions of magic
 i - 3 potions of berserk rage
 k - 2 potions of brilliance
 l - 2 potions of invisibility
 m - 4 potions of resistance
 o - 6 potions of stabbing
 p - 4 potions of might
Miscellaneous
 a - a condenser vane (2/2)
 G - a lightning rod (4/4)
 J - a phantom mirror


   Skills:
 + Level 10.4 Fighting
 * Level 20.4(23.4) Slings
 + Level 11.9 Armour
 + Level 12.2 Dodging
 - Level 1.1 Stealth
 * Level 15.3(17.5) Shields


You had 10 spell levels left.
You didn't know any spells.
Your spell library was empty.

Dungeon Overview and Level Annotations

Branches:
Dungeon (1/1)

Altars:
Ashenzari
Cheibriados
Dithmenos
Elyvilon
Fedhas
Gozag
Hepliaklqana
Kikubaaqudgha
Makhleb
Nemelex Xobeh
Okawaru
Qazlal
Ru
Sif Muna
Trog
Uskayaw
Vehumet
Wu Jian
Xom
Yredelemnul
Zin
The Shining One
Beogh
Jiyva
Lugonu


Innate Abilities, Weirdness & Mutations

You are small and have problems with some larger weapons.
You are somewhat resistant to further mutation.


Message History

You block the shadow's attack.
SHROANNG!
Firing (i - inventory)
d - 913 sling bullets (quivered)
Press: ? - help, Shift-Dir - straight line, f/p - vampire knight
Aim: a vampire knight, wielding a +3 scimitar of flaming and wearing a +0 plate armour (heavily damaged, fast, slightly transparent)
You shoot a sling bullet.
The sling bullet hits the vampire knight!
The vampire knight is severely damaged.
The vampire knight is infused with unholy energy.
* * * LOW HITPOINT WARNING * * *
The vampire knight draws life force from you and is healed!
You block the skeletal warrior's attack.
PANG!
You block the shadow's attack.
GONNNNG!
You feel very mighty all of a sudden.
The vampire knight hits you with a +3 scimitar of flaming.
* * * LOW HITPOINT WARNING * * *
The vampire knight burns you.
You die...

, { * {∆∆∆{, ▓..=[)))..▓
,
,,▓..=)})[.(▓...[[|}..▓
, ,,,
▓.......(.▓.........▓ ,
, ▓....((.(.▓.........▓
, ▓....(...(▓.........▓
, ,,
▓....((...▓...).....▓ ,
* ,
*,,▓....((.((▓...))....▓
, ,,*
▓.▓.Wz|(▓.▓...)©)...▓ ,,
,,
,▓.(.V@....▓▓▓▓▓▓▓▓▓▓▓ 8
* ▓▓▓▓▓▓▓▓▓▓▓** * ** * *
,, , 8, , , ,* 8 , ,
{{{{{{{{,{{{{{{≈≈{ ,,,
,, *
{{{{{{{{{{{{{{{{≈{,* ,
,, ,* {{{{{{{{{{,, *
,,,, , ,{{{{{, ,,, , ,,
,*, ,, , , ,,, ,, , , *
,,, , , ,, , ,


You could see a vampire knight (fast, invisible), a skeletal warrior and a
shadow (invisible).

Vanquished Creatures
  Gastronok (D)
  A vampire knight (D)
  Erolcha (D)
  Erica (D)
  A necromancer (D)
  A wolf spider (D)
  An orc knight (D)
  2 eyes of devastation (D)
  A rime drake (D)
  A rime drake (shapeshifter) (D)
  2 freezing wraiths (D)
  2 ice devils (D)
  A troll (shapeshifter) (D)
  Grinder (D)
  A polar bear (shapeshifter) (D)
  2 slime creatures (D)
  Sigmund (D)
  A wraith (D)
  4 tarantellas (D)
  A vampire (D)
  Eustachio (D)
  A golden eye (D)
  Grum (D)
  Edmund (D)
  Duvessa (D)
  A centaur (shapeshifter) (D)
  Blork the orc (D)
  Dowan (D)
  2 scorpions (D)
  A crimson imp (D)
  A quasit (D)
  2 jellies (D)
  Crazy Yiuf (D)
  2 iron imps (D)
  Jessica (D)
  A shadow imp (D)
  4 white imps (D)
  2 ufetubi (D)
  An ooze (D)
  An adder skeleton (D)
  A worm (shapeshifter) (D)
  2 bat skeletons (D)
  A bat zombie (D)
  A jackal skeleton (D)
  A jackal zombie (D)
  A leopard gecko zombie (D)
61 creatures vanquished.

Vanquished Creatures (others)
  A hell hog (D)
  A soul eater (D)
  A hellion (D)
  An efreet (D)
  A red devil (D)
  2 ynoxinuls (D)
  A neqoxec (D)
  2 ball lightnings (D)
10 creatures vanquished.

Grand Total: 71 creatures vanquished

Notes
Turn   | Place    | Note
-------+----------+-------------------------------------------
     0 | D        | sahdkjhfkaj the Halfling Hunter began the quest for the
                  | Orb.
     0 | D        | Reached XP level 1. HP: 14/14 MP: 1/1
     0 | D        | Found a shimmering blue altar of Sif Muna.
     0 | D        | Found a sacrificial altar of Ru.
     0 | D        | Found a bloodstained altar of Trog.
     0 | D        | Found a stormy altar of Qazlal.
     0 | D        | Found an iron altar of Okawaru.
     0 | D        | Found a sparkling altar of Nemelex Xobeh.
     0 | D        | Found a blossoming altar of Fedhas.
     1 | D        | Found the +6 Majin-Bo {vamp, MP+6 Int+6}
     1 | D        | Found the +9 heavy crossbow "Sniper" {vorpal, Acc+∞ SInv}
     1 | D        | Found the +10 dark maul {vorpal}
     1 | D        | Found the +15 Maxwell's patent armour {-Cast -Tele rElec
                  | MR+ rCorr}
     1 | D        | Found the +18 shield of the Gong {rElec rN+ MR+ EV-5}
     1 | D        | Found the cursed +14 obsidian axe {vorpal, +Fly SInv
                  | *Curse}
     1 | D        | Found the +7 great mace "Firestarter" {inner flame, rF++}
     1 | D        | Found the +6 shillelagh "Devastator" {shatter}
     1 | D        | Found the +11 plutonium sword {*Contam Stlth-}
     1 | D        | Found the +8 lance "Wyrmbane" {slay drac, rPois rF+ rC+
                  | AC+3}
     1 | D        | Found the +9 sword of Zonguldrok {reap}
     1 | D        | Found the cursed +13 scythe of Curses {drain, *Curse}
     1 | D        | Found the +0 sword of Power
     1 | D        | Found the +7 mace of Variability {chain chaos}
     1 | D        | Found the +7 Singing Sword {vorpal, sonic wave}
     1 | D        | Found the +8 storm bow {elec, penet}
     2 | D        | Found a transporter.
     2 | D        | Found an ancient bone altar of Kikubaaqudgha.
     2 | D        | Found a viscous altar of Jiyva.
     2 | D        | Found a corrupted altar of Lugonu.
     2 | D        | Found a hazy altar of Hepliaklqana.
     2 | D        | Found a burning altar of Makhleb.
     2 | D        | Found an opulent altar of Gozag.
    84 | D        | Killed an efreet
   100 | D        | Became a worshipper of Ashenzari the Shackled
   115 | D        | Entered arena 2.
   115 | D        | Noticed an orc knight
   115 | D        | Noticed a polar bear
   115 | D        | Found a transporter.
   119 | D        | Reached skill level 8 in Slings
   119 | D        | Reached XP level 2. HP: 21/21 MP: 2/2
   137 | D        | Killed an orc knight
   137 | D        | Reached skill level 5 in Fighting
   137 | D        | Reached skill level 12 in Slings
   137 | D        | Reached XP level 3. HP: 11/29 MP: 3/3
   137 | D        | Reached XP level 4. HP: 13/35 MP: 4/4
   137 | D        | Reached XP level 5. HP: 15/40 MP: 5/5
   137 | D        | Reached XP level 6. HP: 17/45 MP: 6/6
   137 | D        | Reached XP level 7. HP: 19/50 MP: 7/7
   152 | D        | Killed a polar bear
   152 | D        | Reached skill level 13 in Slings
   331 | D        | Got the amulet "Poextih" {Faith rPois Dex+2}
   336 | D        | Entered arena 3.
   336 | D        | Found a transporter.
   336 | D        | Reached * piety under Ashenzari
   358 | D        | Entered arena 4.
   358 | D        | Noticed Sigmund
   358 | D        | Noticed Jessica
   358 | D        | Noticed Blork the orc
   358 | D        | Noticed Crazy Yiuf
   358 | D        | Found a transporter.
   364 | D        | Killed Crazy Yiuf
   369 | D        | Killed Blork the orc
   370 | D        | Killed Sigmund
   370 | D        | Reached skill level 14 in Slings
   370 | D        | Reached XP level 8. HP: 58/58 MP: 8/8
   372 | D        | Killed Jessica
   386 | D        | Entered arena 5.
   386 | D        | Noticed a rime drake
   386 | D        | Noticed a troll
   386 | D        | Reached ** piety under Ashenzari
   386 | D        | Found a transporter.
   391 | D        | Killed a troll
   397 | D        | Killed a rime drake
   397 | D        | Reached skill level 15 in Slings
   397 | D        | Reached skill level 10 in Shields
   403 | D        | Reached XP level 9. HP: 64/64 MP: 9/9
   440 | D        | Entered arena 6.
   440 | D        | Found a transporter.
   476 | D        | Entered arena 7.
   476 | D        | Reached *** piety under Ashenzari
   496 | D        | Found a transporter.
   509 | D        | Got the amulet of the Jester {Faith Dex+3}
   531 | D        | Entered arena 8.
   531 | D        | Noticed a freezing wraith
   531 | D        | Noticed a freezing wraith
   531 | D        | Noticed an ice devil
   531 | D        | Noticed a rime drake
   531 | D        | Noticed an ice devil
   539 | D        | Killed an ice devil
   541 | D        | Killed a rime drake
   541 | D        | Reached skill level 16 in Slings
   569 | D        | Killed a freezing wraith
   573 | D        | Killed a freezing wraith
   573 | D        | Reached XP level 10. HP: 57/72 MP: 10/10
   583 | D        | Killed an ice devil
   583 | D        | Reached skill level 17 in Slings
   659 | D        | Found a transporter.
   675 | D        | Got the ring "Uzxez" {*Slow Str+6 Dex+5}
   703 | D        | Entered arena 9.
   703 | D        | Noticed a wolf spider
   707 | D        | Reached skill level 10 in Dodging
   724 | D        | Killed a wolf spider
   737 | D        | Reached skill level 10 in Armour
   809 | D        | Found a transporter.
   850 | D        | Entered arena 10.
   850 | D        | Noticed an eye of devastation
   850 | D        | Noticed an eye of devastation
   850 | D        | Reached **** piety under Ashenzari
   862 | D        | Killed an eye of devastation
   862 | D        | Reached skill level 18 in Slings
   886 | D        | Killed an eye of devastation
  1023 | D        | Found a transporter.
  1040 | D        | Got the ring "Vefunel" {+Fly rC+ Str+4 Int+6 SInv}
  1067 | D        | Entered arena 11.
  1067 | D        | Noticed Dowan
  1067 | D        | Noticed Duvessa
  1067 | D        | Noticed Edmund
  1067 | D        | Noticed Erica
  1067 | D        | Noticed Erolcha
  1067 | D        | Noticed Eustachio
  1067 | D        | Noticed Gastronok
  1067 | D        | Noticed Grum
  1067 | D        | Noticed Grinder
  1068 | D        | Found the +27 Lear's hauberk
  1075 | D        | Killed Eustachio
  1077 | D        | Killed Duvessa
  1077 | D        | Reached XP level 11. HP: 80/80 MP: 11/11
  1080 | D        | Killed Grinder
  1083 | D        | Killed Dowan
  1086 | D        | Killed Erolcha
  1086 | D        | Reached skill level 19 in Slings
  1091 | D        | Killed Erica
  1097 | D        | Killed Edmund
  1105 | D        | Killed Gastronok
  1105 | D        | Reached skill level 10 in Fighting
  1110 | D        | Killed Grum
  1111 | D        | Found a transporter.
  1212 | D        | Killed a hell hog
  1428 | D        | Entered arena 12.
  1428 | D        | Noticed a necromancer
  1428 | D        | Noticed a skeletal warrior
  1428 | D        | Reached ***** piety under Ashenzari
  1432 | D        | Reached skill level 20 in Slings
  1432 | D        | Noticed a vampire knight
  1437 | D        | Noticed a vampire knight
  1456 | D        | Killed a necromancer
  1456 | D        | Reached skill level 15 in Shields
  1487 | D        | Killed a vampire knight
  1497 | D        | HP: 3/82 [vampire knight/vampiric draining (3)]
  1498 | D        | HP: 1/82 [vampire knight/+3 scimitar of flaming (3)]
  1498 | D        | Slain by a vampire knight

Illustrated notes

Levels and vault maps discovered:
D:        sprint_v [room_start, room_1, room_2, room_3, room_4, room_5, room_6,
          room_7, room_8, room_9, room_10, room_11, room_12, room_13, room_14,
          room_15, room_16, room_17, room_18, room_19, room_20, room_21,
          room_22, room_23, room_24, room_25, room_26, room_27]

Skill      XL: |  1  2  3  4  5  6  7  8  9 10 11 |
---------------+----------------------------------+-----
Fighting       | 3 5 6 7 8 9 10 | 10.4
Slings         | 8 12 14 15 16 18 20 | 20.4
Armour         | 3 6 7 8 9 10 11 | 11.9
Dodging        | 4 6 7 8 9 11 12 | 12.2
Shields        | 7 9 10 11 13 15 | 15.3
Stealth        | |  1.1

Action                   |  1- 3 |  4- 6 |  7- 9 | 10-12 || total
-------------------------+-------+-------+-------+-------++-------
 Fire: Hunting sling     |    20 |       |   128 |   191 ||   339
Invok: Curse Item        |     3 |       |       |     1 ||     4
  Use: Potion            |     2 |       |     4 |     2 ||     8
       Scroll            |       |       |     1 |       ||     1
Armor: Plate armour      |    19 |       |    29 |    29 ||    77
Dodge: Dodged            |     1 |       |    17 |    21 ||    39
Block: Kite shield       |    42 |       |   182 |   282 ||   506
       Reflection        |       |       |     4 |     1 ||     5

Table legend: (Time is in decaauts)
 A = Elapsed time spent in this place.
 B = Non-inter-level travel time spent in this place.
 C = Inter-level travel time spent in this place.
 D = Time resting spent in this place.
 E = Time spent auto-exploring this place.
 F = Levels seen in this place.
 G = Mean time per level.
                   A        B        C        D        E       F      G
               +--------+--------+--------+--------+--------+-----+--------+
         Total |   1361 |   1361 |      0 |    339 |    534 |   1 | 1361.0 |
       Dungeon |   1361 |   1361 |      0 |    339 |    534 |   1 | 1361.0 |
               +--------+--------+--------+--------+--------+-----+--------+

Top non-repeatable levels by time:
       D: 1361 daAuts
